 Dungeon Crawl Stone Soup version 0.27.1-4-g1640c2035a (webtiles) character file.

Game seed: 7658554435464499988

4 tizbic2 the Insei (level 1, 0/17 HPs)
             Began as a Djinni Transmuter on Nov 13, 2021.
             Slain by a ball python (1 damage)
             ... on level 1 of the Dungeon.
             The game lasted 00:01:11 (159 turns).

tizbic2 the Insei (Djinni Transmuter)                Turns: 159, Time: 00:01:12

Health: 0/17       AC:  2    Str:  9    XL:     1   Next: 66%
Gold:   11         EV: 12    Int: 14    God:
                   SH:  0    Dex: 13

rFire    + + .     SeeInvis .     - Unarmed
rCold    x . .     Faith    .   (no shield)
rNeg     . . .     Spirit   .   a - +0 robe
rPois    ∞         Reflect  .   (helmet currently unavailable)
rElec    .         Harm     .   (no cloak)
rCorr    .         Rampage  .   (no gloves)
Will     .....                  (boots unavailable)
Stlth    +.........             (no amulet)
HPRegen  0.05/turn              b - ring of wizardry
MPRegen  0.00/turn              (no ring)

@: appendages (expiring), flying
A: horns 2, flying, sickness immunity, fire resistance 2, cold vulnerability 1,
float, innate caster, hp casting, extra vitality 1
a: End Transformation


You were on level 1 of the Dungeon.
You had temporarily grown beastly horns.
You visited 1 branch of the dungeon, and saw 1 of its levels.

You collected 11 gold pieces.

Inventory:

Missiles
 c - 6 curare-tipped darts
Armour
 a - a +0 robe (worn)
Jewellery
 b - a ring of wizardry (left hand)
Potions
 d - a potion of curing {unknown}


   Skills:
 * Level 1.0 Fighting
 * Level 2.3 Dodging
 + Level 3.1 Unarmed Combat
 * Level 1.6 Spellcasting


You couldn't memorise any spells.
You knew the following spells:

 Your Spells              Type           Power      Damage    Failure   Level
a - Beastly Appendage     Tmut           10%        N/A       5%          1
b - Wereblood             Tmut           5%         N/A       8%          2
c - Spider Form           Tmut/Pois      2%         N/A       16%         3
d - Ice Form              Ice/Tmut       5%         N/A       43%         4
Your spell library was empty.

Dungeon Overview and Level Annotations

Branches:
Dungeon (1/15)

Altars:


Innate Abilities, Weirdness & Mutations

You have temporarily grown beastly horns.
You are flying.
You are immune to sickness and miasma.
You are immune to poison.
Your flesh is very heat resistant. (rF++)
You are vulnerable to cold. (rC-)
You float through the air rather than walking.
You learn spells naturally, not from books.
Your magical power is your life essence.
You have superior vitality. (+4 HP)


Message History

Casting: Beastly Appendage (safe; 5% risk of failure)
Confirm with . or Enter, or press ? or * to list all spells.
You grow a pair of large bovine horns.
You hit the hobgoblin but do no damage.
You headbutt the hobgoblin, but do no damage.
The hobgoblin hits you.
You barely miss the hobgoblin. The hobgoblin hits you.
You hit the hobgoblin. You headbutt the hobgoblin.
You kill the hobgoblin!
Your transformation is almost over.
Found 11 gold pieces.
Your horns disappear.
A kobold comes into view. It is wielding a +2 vampiric whip.
The kobold shouts!
A ball python comes into view.
You see here 11 gold pieces.
You now have 11 gold pieces.
Found a gold piece.
Casting: Beastly Appendage (safe; 5% risk of failure)
Confirm with . or Enter, or press ? or * to list all spells.
You grow a pair of large bovine horns.
The kobold hits you with a +2 vampiric whip.
You hit the kobold.
The kobold is moderately wounded.
The kobold hits you with a +2 vampiric whip.
The kobold hits you with a +2 vampiric whip.
* * * LOW HITPOINT WARNING * * *
You closely miss the ball python.
The ball python bites you but does no damage.
The ball python grabs you. The ball python constricts you.
You escape the ball python's grasp.
Your transformation is almost over.
The ball python bites you but does no damage.
The ball python closely misses you.
You miss the kobold. Your headbutt misses the kobold.
The ball python barely misses you. The ball python closely misses you.
The kobold hits you with a +2 vampiric whip.
* * * LOW HITPOINT WARNING * * *
The ball python bites you.
You die...

...............##..#.
.........###...##..#
..##.†............#
..##................
...........#.........
..###.....##..###....
###.....##..## .###
#....KS....... .
.#.##..@################
........#........'......
........#........'......
........#........'......
...##.#.#...##########..
.........#...#....'...#..
..#..#.#.#...#....'...#..
.........#...#....'...#..
..#......#...#....##''#''


You could see a ball python and a kobold.

Vanquished Creatures
  An endoplasm (D:1)
  A hobgoblin (D:1)
  A kobold (D:1)
3 creatures vanquished.

Notes
Turn   | Place    | Note
-------+----------+-------------------------------------------
     0 | D:1      | tizbic2 the Djinni Transmuter began the quest for the Orb.
     0 | D:1      | Reached XP level 1. HP: 17/17 MP: 0/0
   159 | D:1      | Slain by a ball python

Illustrated notes

Levels and vault maps discovered:
D:1:      minmay_arrival_widening_spiral_wide, layout_basic,
          hellmonk_ecumenical_altar_lost_god

Action                   || total
-------------------------++-------
Melee: Unarmed           ||    11
       Headbutt          ||     2
       Punch             ||     1
 Cast: Beastly Appendage ||     3
Armor: Robe              ||     2
Dodge: Dodged            ||     8
